 Dungeon Crawl Stone Soup version 0.31-a0-1589-g8f5e8aebd6 (webtiles) character file.

Game seed: 2662609696067317931

106 Ofeo the Sneak (level 4, -1/38 HPs)
             Began as a Draconian Brigand on Jan 6, 2024.
             Killed from afar by Sigmund (8 damage)
             ... with a magic dart
             ... on level 3 of the Dungeon.
             The game lasted 00:02:35 (2489 turns).

Ofeo the Sneak (Draconian Brigand)                  Turns: 2489, Time: 00:02:36

Health: -1/38      AC:  6    Str: 14    XL:     4   Next: 55%
Magic:  4/4        EV: 12    Int: 11    God:
Gold:   97         SH:  0    Dex: 14    Spells: 3/3 levels left

rFire   . . .        e - +0 long sword
rCold   . . .        (no shield)
rNeg    . . .        (body armour unavailable)
rPois   .            (helmet restricted)
rElec   .            b - +0 cloak
rCorr   .            (no gloves)
SInv    .            (no boots)
Will    .....        (no amulet)
Stlth   +++          n - ring of flight
HPRegen 0.26/turn    (no ring)
MPRegen 0.09/turn

%: no passive effects
@: flying
A: AC +5, unfitting armour, cold-blooded
a: no special abilities


You were on level 3 of the Dungeon.
You visited 1 branch of the dungeon, and saw 3 of its levels.

You collected 97 gold pieces.

Inventory:

Hand Weapons
 a - a +2 dagger
 e - a +0 long sword (weapon)
 p - a +0 falchion
Missiles
 c - 8 poisoned darts (quivered)
 d - 3 curare-tipped darts
 j - 9 javelins
Armour
 b - a +0 cloak (worn)
Jewellery
 f - a ring of protection from fire
 n - a ring of flight (left hand)
Wands
 o - a wand of roots (5)
Potions
 g - 2 potions of degeneration
 h - a potion of ambrosia {unknown}
 l - 3 potions of might {unknown}
 m - a potion of mutation {unknown}
 q - 2 potions of curing {@q1}


   Skills:
 * Level 3.1 Fighting
 - Level 2.6(2.7) Short Blades
 + Level 0.2(1.6) Long Blades
 - Level 2.4 Throwing
 + Level 1.9 Dodging
 + Level 4.1 Stealth


You had 3 spell levels left.
You didn't know any spells.
Your spell library contained the following spells:

 Spells                   Type           Power      Damage    Failure   Level
 Lesser Beckoning         Tloc           0%         N/A       47%         2
 Gell's Gravitas          Tloc           0%         N/A       71%         3
 Teleport Other           Tloc           0%         N/A       71%         3


Dungeon Overview and Level Annotations

Branches:
Dungeon (3/15)

Altars:
Fedhas

Annotations:
D:3 Sigmund


Innate Abilities, Weirdness & Mutations

Your plain brown scales are hard. (AC +5)
You cannot fit into any form of body armour.
You are cold-blooded and may be slowed by cold attacks.


Message History

A magic dart appears from out of thin air!
The magic dart hits you!
You take 11 damage, and have 22/38 hp.
MASSIVE DAMAGE!!
Something hits you but does no damage.
e - a +0 long sword (weapon)
The ball python bites you but does no damage.
The ball python grabs you. The ball python constricts you.
As you read the scroll of identify {@r1}, it crumbles to dust.
g - 2 potions of degeneration The ball python bites you but does no damage.
The ball python constricts you. Something hits you.
You take 6 damage, and have 16/38 hp.
You escape the ball python's grasp.
The ball python attacks as it pursues you!
The ball python bites you. The ball python grabs you.
The ball python constricts you.
A goblin comes into view. It is wielding a +0 club.
You take 1 damage, and have 15/38 hp.
You escape the ball python's grasp.
The ball python attacks as it pursues you!
The ball python bites you. The ball python completely misses you.
The ball python attacks as it pursues you!
The ball python bites you but does no damage.
The ball python grabs you. The ball python constricts you.
You escape the ball python's grasp.
The ball python attacks as it pursues you!
The ball python closely misses you. The ball python grabs you.
The ball python constricts you. The ball python barely misses you.
The ball python constricts you.
You escape the ball python's grasp.
A puff of flame appears from out of thin air!
The puff of flame hits you!
* * * LOW HITPOINT WARNING * * *
You take 10 damage, and have 7/38 hp.
MASSIVE DAMAGE!!
Sigmund appears from thin air!
Reactivating autopickup.
Sigmund points at you and mumbles some strange words.
The magic dart hits you!
You die...
Sigmund begins carving another notch in his scythe.

#.......###...###.#####+###
#.......# ##..###g###.....#
##.......####...##@###.....#
#........+......##.###.....#
#........######....###.....#
#.#*****#..#......†....#'###
#.# #..#.##........#.# ..#
#..#.##.S.######.#
..#######..#.##.@>'......#
..'..........##...########
..#######..####...########
..# #.....+...########
..#######...###...########
..................#
##................#
##................#
#...............,*


You could see Sigmund, a goblin and a ball python.

Vanquished Creatures
  Robin (D:2)
  3 adders (D:3)
  3 dart slugs
  2 ribbon worms (D:2)
  5 orcs
  A bat (D:1)
  5 endoplasms
  A giant cockroach (D:1)
  12 goblins
  2 hobgoblins
  3 kobolds
  2 quokkas (D:1)
  4 ball pythons
  4 frilled lizards (D:1)
  A rat (D:1)
49 creatures vanquished.

Notes
Turn   | Place    | Note
-------+----------+-------------------------------------------
     0 | D:1      | Ofeo the Draconian Brigand began the quest for the Orb.
     0 | D:1      | Reached XP level 1. HP: 17/17 MP: 1/1
    69 | D:1      | Reached skill level 1 in Dodging
   187 | D:1      | Reached XP level 2. HP: 25/25 MP: 2/2
  1232 | D:2      | Reached XP level 3. HP: 28/30 MP: 3/3
  1247 | D:2      | Noticed Robin
  1274 | D:2      | Killed Robin
  1483 | D:2      | Reached skill level 4 in Stealth
  1569 | D:2      | Reached XP level 4. HP: 17/37 MP: 4/4
  1938 | D:2      | Found a blossoming altar of Fedhas.
  2464 | D:3      | Noticed Sigmund
  2489 | D:3      | Killed from afar by Sigmund

Illustrated notes

Levels and vault maps discovered:
D:1:      minmay_arrival_stair_chambers, layout_basic, serial_corexii_hall,
          corexii_hall_statues_deadend, corexii_hall_statues_i
D:2:      layout_loops_ring, basic_altar, corexii_corridor_pit, wad_orctagon,
          uniq_robin
D:3:      layout_basic, uniq_sigmund

Skill      XL: |  1  2  3  4 |
---------------+-------------+-----
Dodging        | 1 |  1.9
Throwing       | 2 |  2.4
Stealth        | 4 |  4.1
Fighting       | 3 |  3.1
Short Blades   | |  2.6
Long Blades    | |  0.2

Action                     |  1- 3 |  4- 6 || total
---------------------------+-------+-------++-------
  Melee: Dagger            |   110 |    31 ||   141
         Tailslap          |    17 |     6 ||    23
         Punch             |     1 |       ||     1
         Falchion          |       |     8 ||     8
  Throw: Dart              |    10 |     2 ||    12
    Use: Scroll            |       |     3 ||     3
   Stab: Sleeping          |     3 |     2 ||     5
 Armour: Skin              |    53 |    26 ||    79
  Dodge: Dodged            |    58 |    27 ||    85

Table legend: (Time is in decaauts)
 A = Elapsed time spent in this place.
 B = Non-inter-level travel time spent in this place.
 C = Inter-level travel time spent in this place.
 D = Time resting spent in this place.
 E = Time spent auto-exploring this place.
 F = Levels seen in this place.
 G = Mean time per level.
                   A        B        C        D        E       F      G
               +--------+--------+--------+--------+--------+-----+--------+
         Total |   2474 |   2413 |     61 |      0 |   2039 |   3 |  824.7 |
       Dungeon |   2474 |   2413 |     61 |      0 |   2039 |   3 |  824.7 |
               +--------+--------+--------+--------+--------+-----+--------+

Top non-repeatable levels by time:
     D:1: 1138 daAuts
     D:2: 1058 daAuts
     D:3: 276 daAuts
